General information
- name: BNet
- type: Ladder team game (AT/RT)
- host: Battle.net
- saver: OcchiNeri
map: DragonFalls
- players: 8
- length: 43:07
- speed: Fast
- version: 1.26 W3XP
- replay type: Public
» download(231 KB)
Players
team 1 (loser)
JohnAdams (
red | 69 APM | 2978 actions | 43:05)
10 Blademaster
3 Wind Walk
3 Critical Strike
1 Bladestorm
3 Mirror Image
» actions
| Assign group hotkey | 39 | |
| Basic commands | 41 | |
| Build / train | 83 | |
| Enter build submenu | 37 | |
| Enter hero's abilities submenu | 10 | |
| Give item / drop item | 4 | |
| Remove unit from queue | 1 | |
| Right click | 1515 | |
| Select / deselect | 459 | |
| Select group hotkey | 634 | |
| Use ability | 155 | |
2978 total
» units
| Peon | 8 | |
| Acolyte | 2 | |
| Grunt | 5 | |
| Goblin Shredder | 1 | |
| Goblin Zeppelin | 1 | |
| Wind Rider | 13 | |
| Demolisher | 2 | |
| Troll Batrider | 2 | |
| Goblin Sapper | 2 | |
| Green Dragon | 1 | |
37 total
» upgrades
| Ranged Weapons | 3 | |
| Armor | 3 | |
| Burning Oil | 1 | |
| Envenomed Spears | 2 | |
| Reinforced Defenses | 1 | |
| Berserker Strength | 1 | |
| Troll Regeneration | 1 | |
12 total
» buildings
| Orc Burrow | 6 | |
| Ziggurat | 1 | |
| Crypt | 1 | |
| Altar of Storms | 1 | |
| Barracks | 3 | |
| Voodoo Lounge | 1 | |
| Stronghold | 1 | |
| War Mill | 1 | |
| Great Hall | 3 | |
| Watch Tower | 16 | |
| Fortress | 1 | |
| Beastiary | 4 | |
39 total
» build order
00:20 Orc Burrow
00:28 Ziggurat
00:30 Crypt
00:58 Altar of Storms
00:59 Barracks
01:10 Orc Burrow
01:50 Voodoo Lounge
02:57 Stronghold
03:52 War Mill
05:08 Great Hall
05:24 Orc Burrow
05:27 Watch Tower
05:27 Watch Tower
05:28 Watch Tower
05:54 Watch Tower
05:55 Watch Tower
08:22 Watch Tower
08:26 Fortress
10:44 Beastiary
10:45 Beastiary
10:49 Beastiary
10:53 Beastiary
14:30 Barracks
14:34 Barracks
16:13 Watch Tower
16:14 Watch Tower
16:15 Watch Tower
16:17 Watch Tower
19:53 Orc Burrow
19:57 Orc Burrow
19:59 Orc Burrow
29:36 Great Hall
29:39 Watch Tower
29:39 Watch Tower
29:40 Watch Tower
29:41 Watch Tower
32:08 Great Hall
35:43 Watch Tower
35:51 Watch Tower
» items
| Healing Salve | 6 | |
| Potion of Healing | 3 | |
| Lesser Clarity Potion | 2 | |
| Potion of Mana | 1 | |
| Orb of Lightning | 1 | |
| Boots of Speed | 1 | |
| Staff of Teleportation | 1 | |
| Scroll of Town Portal | 3 | |
| Scroll of Healing | 1 | |
| Periapt of Vitality | 1 | |
20 total
tiger[CrAb] (
purple | 33 APM | 1241 actions | 38:04)
4 Paladin
1 Divine Shield
2 Holy Light
1 Devotion Aura
2 Death Knight
1 Death Coil
1 Death Pact
2 Dark Ranger
1 Silence
1 Black Arrow
» actions
| Basic commands | 34 | |
| Build / train | 69 | |
| Enter build submenu | 37 | |
| Enter hero's abilities submenu | 8 | |
| Remove unit from queue | 1 | |
| Right click | 721 | |
| Select / deselect | 316 | |
| Use ability | 55 | |
1241 total
» units
| Peasant | 8 | |
| Footman | 10 | |
| Goblin Zeppelin | 2 | |
| Spell Breaker | 3 | |
| Priest | 2 | |
| Sorceress | 4 | |
| Goblin Shredder | 1 | |
| Goblin Sapper | 4 | |
| Dragonhawk Rider | 4 | |
| Siege Engine | 6 | |
| Mortar Team | 1 | |
45 total
» upgrades
» buildings
| Altar of Kings | 1 | |
| Farm | 13 | |
| Lumber Mill | 1 | |
| Altar of Darkness | 1 | |
| Barracks | 1 | |
| Ziggurat | 1 | |
| Tomb of Relics | 1 | |
| Keep | 1 | |
| Arcane Vault | 1 | |
| Arcane Sanctum | 1 | |
| Gryphon Aviary | 1 | |
| Guard Tower | 3 | |
| Scout Tower | 4 | |
| Arcane Tower | 2 | |
| Castle | 1 | |
| Town Hall | 2 | |
| Blacksmith | 1 | |
| Workshop | 2 | |
38 total
» build order
00:03 Altar of Kings
00:04 Farm
01:13 Lumber Mill
01:27 Altar of Darkness
01:50 Farm
02:21 Barracks
02:45 Ziggurat
03:51 Tomb of Relics
06:05 Farm
06:07 Farm
06:09 Farm
06:14 Keep
07:29 Farm
07:31 Farm
09:11 Arcane Vault
09:34 Farm
11:41 Arcane Sanctum
11:47 Gryphon Aviary
12:19 Guard Tower
12:20 Guard Tower
13:17 Farm
13:21 Farm
13:24 Farm
13:32 Farm
14:06 Farm
15:20 Scout Tower
15:21 Scout Tower
15:22 Scout Tower
19:59 Arcane Tower
20:01 Guard Tower
20:03 Arcane Tower
20:09 Castle
23:26 Scout Tower
23:30 Town Hall
26:39 Town Hall
27:53 Blacksmith
29:07 Workshop
31:00 Workshop
» items

»
heatty456 (
yellow | 52 APM | 1936 actions | 37:33)
4 Crypt Lord
2 Carrion Beetles
2 Spiked Carapace
5 Death Knight
2 Death Coil
3 Unholy Aura
» actions
| Build / train | 277 | |
| Enter build submenu | 64 | |
| Enter hero's abilities submenu | 10 | |
| Remove unit from queue | 13 | |
| Right click | 747 | |
| Select / deselect | 739 | |
| Use ability | 86 | |
1936 total
» units
| Acolyte | 109 | |
| Ghoul | 32 | |
| Crypt Fiend | 24 | |
| Gargoyle | 7 | |
| Necromancer | 2 | |
| Obsidian Statue | 5 | |
| Frost Wyrm | 15 | |
194 total
» upgrades
| Creature Attack | 5 | |
| Creature Carapace | 3 | |
| Web | 2 | |
| Freezing Breath | 1 | |
| Skeletal Longevity | 1 | |
12 total
» buildings
| Altar of Darkness | 2 | |
| Ziggurat | 23 | |
| Crypt | 3 | |
| Nerubian Tower | 27 | |
| Graveyard | 3 | |
| Halls of the Dead | 8 | |
| Tomb of Relics | 3 | |
| Black Citadel | 2 | |
| Sacrificial Pit | 1 | |
| Temple of the Damned | 1 | |
| Slaughterhouse | 1 | |
| Boneyard | 2 | |
| Spirit Tower | 3 | |
| Necropolis | 2 | |
81 total
» build order
00:18 Altar of Darkness
00:21 Ziggurat
00:41 Crypt
01:07 Crypt
01:11 Ziggurat
01:20 Nerubian Tower
01:30 Nerubian Tower
01:54 Graveyard
02:21 Ziggurat
02:36 Nerubian Tower
02:37 Nerubian Tower
02:59 Ziggurat
03:11 Ziggurat
03:27 Graveyard
03:32 Nerubian Tower
03:41 Crypt
04:00 Nerubian Tower
04:29 Nerubian Tower
04:29 Nerubian Tower
04:29 Nerubian Tower
04:47 Nerubian Tower
04:49 Halls of the Dead
04:49 Halls of the Dead
06:01 Halls of the Dead
06:01 Halls of the Dead
06:12 Tomb of Relics
06:29 Ziggurat
07:02 Ziggurat
07:49 Black Citadel
08:08 Nerubian Tower
08:14 Nerubian Tower
09:47 Ziggurat
10:13 Ziggurat
11:13 Sacrificial Pit
11:17 Temple of the Damned
11:22 Slaughterhouse
12:42 Boneyard
12:54 Boneyard
13:09 Nerubian Tower
13:16 Nerubian Tower
13:16 Nerubian Tower
16:47 Black Citadel
16:57 Ziggurat
17:39 Ziggurat
17:47 Ziggurat
18:57 Spirit Tower
19:22 Ziggurat
19:24 Ziggurat
19:26 Ziggurat
19:43 Ziggurat
19:47 Ziggurat
20:36 Spirit Tower
20:38 Nerubian Tower
20:39 Nerubian Tower
20:40 Nerubian Tower
20:41 Spirit Tower
23:44 Tomb of Relics
26:51 Necropolis
31:23 Ziggurat
31:24 Ziggurat
31:53 Necropolis
33:20 Nerubian Tower
34:00 Nerubian Tower
36:28 Ziggurat
36:31 Ziggurat
36:35 Graveyard
36:41 Tomb of Relics
36:55 Ziggurat
36:58 Altar of Darkness
37:07 Ziggurat
37:21 Nerubian Tower
team 2 (winner)
lana_lang (
blue | 88 APM | 7 actions | 00:04)
» actions
| Right click | 1 | |
| Select / deselect | 6 | |
7 total
OcchiNeri (
teal | 79 APM | 3425 actions | 43:07)
10 Blood Mage
3 Flame Strike
3 Siphon Mana
1 Summon Phoenix
3 Banish
» actions
| Assign group hotkey | 69 | |
| Basic commands | 352 | |
| Build / train | 173 | |
| ESC pressed | 3 | |
| Enter build submenu | 50 | |
| Enter hero's abilities submenu | 11 | |
| Give item / drop item | 3 | |
| Right click | 970 | |
| Select / deselect | 483 | |
| Select group hotkey | 1108 | |
| Use ability | 203 | |
3425 total
» units
| Peasant | 20 | |
| Footman | 6 | |
| Sorceress | 1 | |
| Goblin Zeppelin | 1 | |
| Goblin Shredder | 2 | |
| Wisp | 4 | |
| Gryphon Rider | 9 | |
| Green Dragon | 4 | |
47 total
» upgrades
| Masonry | 2 | |
| Lumber Harvesting | 2 | |
| Swords | 3 | |
| Sorceress Training | 2 | |
| Magic Sentry | 1 | |
| Armor | 4 | |
| Well Spring | 1 | |
| Animal War Training | 1 | |
| Storm Hammers | 1 | |
| Cloud | 2 | |
| Plating | 3 | |
| Gunpowder | 3 | |
| Backpack | 1 | |
| Priest Training | 2 | |
| Control Magic | 1 | |
| Fragmentation Shards | 1 | |
| Flare | 1 | |
| Barrage | 1 | |
| Flak Cannons | 1 | |
| Flying Machine Bombs | 1 | |
| Defend | 1 | |
| Long Rifles | 1 | |
36 total
» buildings
| Altar of Kings | 1 | |
| Barracks | 1 | |
| Farm | 12 | |
| Lumber Mill | 1 | |
| Arcane Vault | 1 | |
| Town Hall | 3 | |
| Keep | 5 | |
| Blacksmith | 1 | |
| Scout Tower | 12 | |
| Arcane Sanctum | 1 | |
| Castle | 4 | |
| Guard Tower | 15 | |
| Arcane Tower | 4 | |
| Gryphon Aviary | 6 | |
| Workshop | 6 | |
73 total
» build order
00:56 Altar of Kings
00:58 Barracks
01:00 Farm
01:08 Farm
01:32 Farm
02:08 Farm
02:46 Lumber Mill
04:11 Arcane Vault
04:17 Town Hall
05:33 Keep
05:34 Keep
05:34 Keep
05:34 Keep
06:14 Blacksmith
07:19 Scout Tower
07:26 Scout Tower
07:27 Scout Tower
07:28 Scout Tower
07:28 Scout Tower
08:02 Arcane Sanctum
08:05 Castle
08:06 Castle
09:05 Guard Tower
09:05 Guard Tower
09:09 Guard Tower
09:09 Guard Tower
09:25 Arcane Tower
09:25 Guard Tower
09:25 Guard Tower
10:21 Scout Tower
10:22 Scout Tower
10:23 Scout Tower
10:24 Scout Tower
10:26 Scout Tower
10:58 Guard Tower
10:58 Guard Tower
10:58 Guard Tower
10:59 Guard Tower
11:00 Guard Tower
11:46 Gryphon Aviary
11:47 Gryphon Aviary
11:49 Gryphon Aviary
11:51 Gryphon Aviary
12:53 Gryphon Aviary
12:56 Gryphon Aviary
14:34 Farm
14:34 Farm
14:35 Farm
16:45 Workshop
16:46 Workshop
17:25 Workshop
17:26 Workshop
17:29 Workshop
17:33 Workshop
20:55 Farm
20:57 Farm
20:59 Farm
21:00 Farm
21:02 Farm
26:35 Town Hall
35:55 Town Hall
36:12 Scout Tower
37:19 Scout Tower
37:22 Arcane Tower
» items
| Scroll of Regeneration | 4 | |
| Boots of Speed | 1 | |
| Staff of Teleportation | 1 | |
| Potion of Invisibility | 2 | |
| Lesser Clarity Potion | 1 | |
| Ivory Tower | 3 | |
| Periapt of Vitality | 1 | |
| Potion of Mana | 2 | |
| Scroll of Town Portal | 4 | |
| Staff of Sanctuary | 1 | |
| Scroll of Healing | 2 | |
22 total
Titans (
orange | 29 APM | 735 actions | 25:07)
4 Death Knight
2 Death Coil
2 Unholy Aura
» actions
| Basic commands | 21 | |
| Build / train | 69 | |
| Enter build submenu | 20 | |
| Enter hero's abilities submenu | 4 | |
| Right click | 371 | |
| Select / deselect | 224 | |
| Use ability | 26 | |
735 total
» units
| Acolyte | 9 | |
| Ghoul | 5 | |
| Crypt Fiend | 8 | |
| Huntress | 7 | |
| Gargoyle | 22 | |
51 total
» upgrades
| Web | 1 | |
| Creature Attack | 2 | |
| Creature Carapace | 1 | |
4 total
» buildings
| Crypt | 2 | |
| Altar of Darkness | 1 | |
| Ziggurat | 11 | |
| Graveyard | 1 | |
| Halls of the Dead | 2 | |
| Tomb of Relics | 1 | |
| Nerubian Tower | 4 | |
| Necropolis | 1 | |
| Spirit Tower | 1 | |
24 total
» build order
00:43 Crypt
00:48 Altar of Darkness
01:00 Ziggurat
01:52 Graveyard
02:56 Halls of the Dead
03:40 Ziggurat
03:42 Ziggurat
03:58 Crypt
04:37 Tomb of Relics
06:49 Ziggurat
06:52 Ziggurat
10:41 Nerubian Tower
10:42 Nerubian Tower
10:44 Nerubian Tower
10:45 Nerubian Tower
12:30 Necropolis
15:23 Ziggurat
15:25 Ziggurat
16:27 Ziggurat
16:30 Ziggurat
16:34 Ziggurat
16:40 Ziggurat
23:47 Spirit Tower
23:54 Halls of the Dead
» items

»
matchstix (
green | 61 APM | 2633 actions | 43:01)
3 Keeper of the Grove
1 Force of Nature
1 Thorns Aura
1 Entangling Roots
4 Far Seer
1 Feral Spirit
2 Chain Lighting
1 Far Sight
2 Blademaster
1 Wind Walk
1 Critical Strike
» actions
| Basic commands | 27 | |
| Build / train | 218 | |
| Enter build submenu | 62 | |
| Enter hero's abilities submenu | 10 | |
| Give item / drop item | 7 | |
| Remove unit from queue | 8 | |
| Right click | 1249 | |
| Select / deselect | 831 | |
| Use ability | 220 | |
2633 total
» units
| Peon | 20 | |
| Wisp | 12 | |
| Huntress | 9 | |
| Glaive Thrower | 4 | |
| Goblin Shredder | 2 | |
| Demolisher | 4 | |
| Hippogryph | 10 | |
| Troll Witch Doctor | 5 | |
| Archer | 8 | |
| Dryad | 10 | |
| Troll Headhunter/Berserker | 12 | |
| Shaman | 2 | |
98 total
» upgrades
| Spiked Barricades | 3 | |
| Strength of the Moon | 3 | |
| Moon Armor | 3 | |
| Sentinel | 1 | |
| Ranged Weapons | 3 | |
| Armor | 2 | |
| Reinforced Defenses | 1 | |
| Burning Oil | 1 | |
| Witch Doctor Training | 2 | |
| Troll Regeneration | 1 | |
| Improved Bows | 1 | |
| Marksmanship | 1 | |
| Strength of the Wild | 2 | |
| Reinforced Hides | 2 | |
| Shaman Training | 1 | |
| Hippogryph Taming | 1 | |
| Abolish Magic | 1 | |
29 total
» buildings
| War Mill | 2 | |
| Altar of Storms | 2 | |
| Altar of Elders | 2 | |
| Moon Well | 8 | |
| Orc Burrow | 10 | |
| Ancient of War | 2 | |
| Watch Tower | 19 | |
| Hunter's Hall | 1 | |
| Stronghold | 1 | |
| Tree of Ages | 1 | |
| Great Hall | 2 | |
| Voodoo Lounge | 2 | |
| Tree of Eternity | 2 | |
| Barracks | 1 | |
| Spirit Lodge | 1 | |
| Fortress | 1 | |
| Tree of Life | 2 | |
| Ancient of Wind | 1 | |
| Ancient of Lore | 1 | |
61 total
» build order
00:18 War Mill
00:22 Altar of Storms
00:27 Altar of Elders
00:43 Moon Well
00:52 Orc Burrow
01:45 Moon Well
02:07 Ancient of War
02:30 Watch Tower
02:41 Orc Burrow
02:48 Moon Well
02:54 Watch Tower
02:57 Watch Tower
03:16 Hunter's Hall
03:53 Stronghold
03:58 Watch Tower
04:04 Watch Tower
04:36 Watch Tower
04:51 Tree of Ages
05:05 Great Hall
05:10 Watch Tower
05:19 Moon Well
05:35 Watch Tower
05:55 Watch Tower
06:11 Watch Tower
06:14 Watch Tower
06:23 Moon Well
06:34 Watch Tower
06:41 Voodoo Lounge
06:45 Great Hall
07:17 Moon Well
08:19 Watch Tower
09:01 Tree of Eternity
09:02 Tree of Eternity
09:23 Barracks
09:27 War Mill
09:30 Orc Burrow
10:14 Spirit Lodge
10:36 Fortress
10:54 Watch Tower
12:07 Orc Burrow
12:09 Orc Burrow
12:41 Tree of Life
12:46 Ancient of Wind
12:54 Orc Burrow
13:11 Orc Burrow
13:13 Orc Burrow
15:40 Ancient of Lore
19:34 Watch Tower
19:49 Watch Tower
21:26 Voodoo Lounge
23:02 Watch Tower
25:00 Moon Well
25:08 Watch Tower
25:25 Watch Tower
25:50 Ancient of War
26:01 Altar of Elders
26:05 Moon Well
31:07 Orc Burrow
32:04 Altar of Storms
32:14 Tree of Life
37:00 Orc Burrow
» items
| Staff of Teleportation | 3 | |
| Periapt of Vitality | 2 | |
| Potion of Mana | 14 | |
| Potion of Healing | 20 | |
| Scroll of Speed | 4 | |
| Orb of Lightning | 6 | |
| Healing Salve | 2 | |
| Potion of Lesser Invulnerability | 1 | |
| Orb of Fire | 1 | |
53 total
Chat log
(00:08 / Allies) Titans: dont leave
(05:21 / All) JohnAdams: thanx purp couldn't have did it without ya
(08:38 / All) JohnAdams: Purple wtf man
(08:42 / All) JohnAdams: You steal my fucking xp and tome
(08:49 / All) JohnAdams: I told you to attack geren's expo and prevent it
(10:56 / Allies) Titans: teal some gold
(11:06 / Allies) OcchiNeri: Do I look like a walking bank to you?
(11:16 / Allies) Titans: i jus gave u lumber
(11:21 / Allies) Titans: y u being a dick
(11:25 / Allies) OcchiNeri: You never said you wanted anything in return
(14:37 / Allies) OcchiNeri: I see it
(14:39 / Allies) OcchiNeri: I just don't care
(19:32 / All) OcchiNeri: orange tk
(21:59 / All) OcchiNeri: Dumbass orange
(22:01 / All) OcchiNeri: Now you must die
(22:51 / All) Titans: gg teal is a fag
(22:53 / All) Titans: deserves to lose
(22:56 / All) OcchiNeri: You attacked me first
(23:01 / All) Titans: ya i kno
(23:03 / All) Titans: ur a fag
(23:06 / All) Titans: ur going no where i life
(23:09 / All) Titans: being a fuckin cunt
(23:11 / All) OcchiNeri: Did you come up with that one yourself?
(23:16 / All) OcchiNeri: Such anger out of nowhere
(23:21 / All) Titans: stfu fag
(23:29 / All) OcchiNeri: Make me
(23:33 / All) OcchiNeri: Oh wait you have no units anymore
(23:34 / All) Titans: i wish i could
(23:38 / All) Titans: u would piss ur self
(24:12 / All) Titans: next time dont be a fag
(24:22 / All) OcchiNeri: Next time be good at the game
(24:23 / All) Titans: fuckin idiot
(24:33 / All) Titans: gg own teal
(24:48 / All) Titans: sorry green but u know hes a douche
(30:29 / All) OcchiNeri: REPAIR THAT BLACK CITADEL!
(34:55 / Allies) matchstix: all therere
(38:35 / Allies) OcchiNeri: I'm killing you
(38:37 / Allies) OcchiNeri: You get the loss
(38:41 / Allies) OcchiNeri: Get the fuck out of here fucker
(38:43 / All) OcchiNeri: OUT
(38:51 / All) JohnAdams: Make it easy on us
(39:51 / Allies) OcchiNeri: Out you fucker, you get the loss little maggot
(40:07 / All) JohnAdams: Get out of here green